 Dungeon Crawl Stone Soup version 0.24.0-1-gfbc8707 (webtiles) character file.

Game seed: 11532899162238959698, levelgen mode: deterministic

116 Fang the Skirmisher (level 5, -3/51 HPs)
             Began as a Gargoyle Berserker on Oct 25, 2019.
             Was a Believer of Trog.
             Slain by an ogre
             ... wielding a +0 giant club
              (28 damage)
             ... on level 3 of the Dungeon.
             The game lasted 00:02:42 (2332 turns).

Fang the Skirmisher (Gargoyle Berserker)            Turns: 2332, Time: 00:02:43

Health: -3/51      AC:  6    Str: 27    XL:     5   Next: 0%
Magic:  5/5        EV: 12    Int:  7    God:    Trog [**....]
Gold:   162        SH:  0    Dex:  9    Spells: 4/4 levels left

rFire    . . .     SeeInvis .   a - +0 hand axe
rCold    . . .     Gourm    .   (no shield)
rNeg     + . .     Faith    .   b - +0 animal skin
rPois    ∞         Spirit   .   (no helmet)
rElec    +         Reflect  .   (no cloak)
rCorr    .         Harm     .   (no gloves)
MR       .....                  (no boots)
Stlth    ..........             (no amulet)
HPRegen  0.17/turn              (no ring)
MPRegen  0.09/turn              (no ring)

@: berserking, very quick
A: negative energy resistance 1, electricity resistance, unbreathing,
petrification resistance, rot immunity, AC +4
a: Berserk, Trog's Hand, Renounce Religion


You were on level 3 of the Dungeon.
You worshipped Trog.
Trog was pleased with you.
You were hungry.

You visited 1 branch of the dungeon, and saw 3 of its levels.

You collected 162 gold pieces.

Inventory:

Hand Weapons
 a - a +0 hand axe (weapon)
Armour
 b - a +0 animal skin (worn)
Jewellery
 l - an uncursed ring of magical power {unknown}
Scrolls
 e - 2 scrolls of remove curse {unknown}
 f - a scroll of amnesia {unknown}
 g - 3 scrolls of enchant weapon {unknown}
 h - a scroll of noise {unknown}
 j - 3 scrolls of identify {unknown}
 k - a scroll of magic mapping {unknown}
Potions
 i - 2 potions of heal wounds
Comestibles
 c - 7 rations
 d - 9 chunks of flesh


   Skills:
 * Level 4.3 Fighting
 * Level 3.5 Axes
 + Level 3.0 Armour
 + Level 2.2 Dodging


You had 4 spell levels left.
You didn't know any spells.
Your spell library was empty.

Dungeon Overview and Level Annotations

Branches:
Dungeon (3/15)

Altars:
Cheibriados
Dithmenos
Elyvilon
Fedhas
Makhleb
Okawaru
Ru
Trog
Vehumet
Wu Jian


Innate Abilities, Weirdness & Mutations

You are resistant to torment.
Your stone body is resilient. (AC +4)
You are immune to poison.
You resist negative energy. (rN+)
You are resistant to electric shocks. (rElec)
You can survive without breathing.
You are immune to petrification.
You are immune to rotting.


Message History

The ogre shouts!
The hobgoblin hits you but does no damage.
You barely miss the hobgoblin. The hobgoblin barely misses you.
You hit the hobgoblin but do no damage. The hobgoblin barely misses you.
You hit the hobgoblin.
You kill the hobgoblin!
Trog accepts your kill.
You have reached level 5!
The ogre hits you with a +0 giant club!
A red film seems to cover your vision as you go berserk!
You feel yourself moving faster!
You feel mighty!
You are feeling hungry.
You barely miss the ogre. The ogre barely misses you.
You slash the ogre!
The ogre is heavily wounded.
You hit the ogre.
The ogre is heavily wounded.
The ogre hits you with a +0 giant club!!
Ouch! That really hurt!
You die...

..# #......##
#..#.# ..#
#.......# #..#.#
..#
#.....).###..#.#
..#
#............#.#
..#
#######..###.#.#
### #..# #...#
#...##.###
#.#.#....#
#.#..@...#
#.##..O..#
#+##.....#
#.#.#.....
..#.#.....
...#.#..... ....
.# .... ...#. .#
... #..... .#


You could see an ogre.

Vanquished Creatures
  A gnoll (D:1)
  5 adders
  A dart slug (D:2)
  2 leopard geckos
  An orc (D:3)
  A giant cockroach (D:3)
  12 goblins
  5 hobgoblins
  8 jackals
  4 bats
  3 frilled lizards (D:2)
  7 kobolds
  5 rats
55 creatures vanquished.

Notes
Turn   | Place    | Note
-------+----------+-------------------------------------------
     0 | D:1      | Fang the Gargoyle Berserker began the quest for the Orb.
     0 | D:1      | Reached XP level 1. HP: 14/14 MP: 1/1
     7 | D:1      | Reached XP level 2. HP: 12/19 MP: 2/2
   572 | D:1      | Reached XP level 3. HP: 24/24 MP: 3/3
  1245 | D:2      | Reached skill level 4 in Fighting
  1245 | D:2      | Reached XP level 4. HP: 20/29 MP: 4/4
  1268 | D:2      | Reached ** piety under Trog
  1539 | D:2      | Found a white marble altar of Elyvilon.
  1540 | D:2      | Found a sacrificial altar of Ru.
  1550 | D:2      | Found an ornate altar of the Wu Jian Council.
  1551 | D:2      | Found a radiant altar of Vehumet.
  1551 | D:2      | Found a bloodstained altar of Trog.
  1551 | D:2      | Found a shadowy altar of Dithmenos.
  1552 | D:2      | Found a burning altar of Makhleb.
  1553 | D:2      | Found an iron altar of Okawaru.
  1556 | D:2      | Found a snail-covered altar of Cheibriados.
  1772 | D:2      | Found a blossoming altar of Fedhas.
  2323 | D:3      | Noticed an ogre
  2327 | D:3      | Reached XP level 5. HP: 30/34 MP: 5/5
  2332 | D:3      | Slain by an ogre

Levels and vault maps discovered:
D:1:      dpeg_arrival_court, layout_basic, minmay_misc_feat_room,
          minmay_misc_feat_rugged
D:2:      layout_basic, minitemple, lemuel_coloured_pillars_altar,
          minmay_small_reverse_x
D:3:      layout_basic, first_ration

Skill      XL: |  1  2  3  4 |
---------------+-------------+-----
Axes           | 3 |  3.5
Dodging        | 2 |  2.2
Fighting       | 4 |  4.3
Armour         | 3 |  3.0

Action                   |  1- 3 |  4- 6 || total
-------------------------+-------+-------++-------
Melee: Hand axe          |    86 |    86 ||   172
Invok: Berserk           |     1 |     1 ||     2
  Eat: Chunk             |     2 |     4 ||     6
Armor: Animal skin       |    25 |    31 ||    56
Dodge: Dodged            |    63 |    79 ||   142
